AoeStats
← guigzz

Arabia

503814620Analyzed
1v1 RM · 1mo ago on Sep 2, 2026· 41m 32s· 2 players
Game mode
Random Map
Map size
Tiny (2 player)
Population
200
Speed
Normal
Resources
Standard
Victory
Conquest
Starting age
Dark Age
Ending age
Imperial Age
RankedLock teamsTeams togetherTeam positionsShared explorationLock speedFull tech treeHidden civsTurbo modeCheats
Victory
Defeat
🇬🇧 Vietnamese · United Kingdom
583
+19
🇨🇦 Franks · Canada
659
-44
guigzz
2:50 Loom
9:33 Feudal Age
10:00 Loom
10:23 Double-Bit Axe
15:34 Forging
20:16 Scale Barding Armor
22:13 Castle Age
23:47 Iron Casting
27:38 Husbandry
28:05 Chain Barding Armor
29:33 Gold Mining
36:47 Imperial Age
34:28 Murder Holes
34:55 Ballistics
38:03 Cavalier
39:49 Blast Furnace
BiscuitBoy
8:37 Loom
10:49 Feudal Age
13:15 Double-Bit Axe
13:11 Horse Collar
15:11 Gold Mining
16:32 Wheelbarrow
17:09 Fletching
17:57 Padded Archer Armor
24:22 Castle Age
25:41 Bow Saw
25:32 Heavy Plow
26:12 Bodkin Arrow
26:23 Scale Mail Armor
26:34 Forging
26:16 Arson
26:32 Squires
27:03 Man-at-Arms
30:56 Chain Mail Armor
31:16 Iron Casting
36:52 Imperial Age
42:28 Chemistry
Connection lost

Rejoining the realm…

Still unreachable

The connection could not be restored.

Session expired

The server has moved on; the page needs a fresh start.